 Dungeon Crawl Stone Soup version 0.20.0-4-g10b340a (webtiles) character file.

37 xgamer67 the Vexing (level 3, 0/20 HPs)
             Began as a Deep Elf Arcane Marksman on May 27, 2017.
             Slain by a hobgoblin (3 damage)
             ... on level 1 of the Dungeon.
             The game lasted 00:05:08 (1656 turns).

xgamer67 the Vexing (Deep Elf Arcane Marksman)      Turns: 1656, Time: 00:05:09

Health: 0/20       AC:  2    Str:  7    XL:     3   Next: 21%
Magic:  7/7        EV: 13    Int: 18    God:
Gold:   47         SH:  0    Dex: 15    Spells: 2/5 levels left

rFire    . . .     SeeInvis .   a - +0 shortbow
rCold    . . .     Gourm    .   (shield currently unavailable)
rNeg     . . .     Faith    .   e - +0 robe
rPois    .         Spirit   .   (no helmet)
rElec    .         Reflect  .   (no cloak)
rCorr    .         Harm     .   (no gloves)
MR       .....                  (no boots)
Stlth    ++........             (no amulet)
Regen    0.1/turn               (no ring)
MPRegen  0.1/turn               (no ring)

@: no status effects
A: no striking features
a: no special abilities


You were on level 1 of the Dungeon.
You were not hungry.

You visited 1 branch of the dungeon, and saw 2 of its levels.

You collected 47 gold pieces.

Inventory:

Hand Weapons
 a - a +0 shortbow (weapon)
 b - a +1 dagger of speed
 h - a +0 dagger
 j - a +1 vampiric dagger
Missiles
 d - 10 arrows (quivered)
 l - 9 poisoned needles
 m - 36 stones
Armour
 e - a +0 robe (worn)
Scrolls
 g - a scroll of teleportation {unknown}
 q - a scroll of fear {unknown}
Potions
 k - a potion of ambrosia {unknown}
 n - a potion of might {unknown}
 o - a potion of brilliance {unknown}
 p - a potion of haste {unknown}
Books
 c - a book of Debilitation

   Spells                             Type                      Level
   a - Corona                         Hexes                        1
   b - Slow                           Hexes                        2
   c - Inner Flame                    Hexes/Fire                   3
   d - Portal Projectile              Hexes/Translocation          3
   e - Cause Fear                     Hexes                        4
   f - Leda's Liquefaction            Hexes/Earth                  4
Comestibles
 f - a bread ration
 i - a chunk of flesh


   Skills:
 - Level 0.7 Fighting
 + Level 3.5 Bows
 - Level 2.4 Dodging
 - Level 2.0 Stealth
 - Level 1.5 Spellcasting
 - Level 4.0 Hexes


You had 2 spell levels left.
You knew the following spells:

 Your Spells              Type           Power        Failure   Level  Hunger
a - Corona                Hex            ###....      3%          1    ##.....
b - Slow                  Hex            ###.....     5%          2    ###....


Dungeon Overview and Level Annotations

Branches:
Dungeon (2/15)

Altars:


Message History

You shoot an arrow. The arrow barely misses the hobgoblin.
The hobgoblin hits you.
Firing (i - inventory. (,) - cycle):
d - 13 arrows (quivered)
Press: ? - help, Shift-Dir - straight line, f/p - hobgoblin
Aim: a hobgoblin You shoot an arrow.
The arrow hits the hobgoblin.
The hobgoblin is almost dead.
The hobgoblin barely misses you.
Firing (i - inventory. (,) - cycle):
d - 12 arrows (quivered)
Press: ? - help, Shift-Dir - straight line, f/p - hobgoblin
Aim: a hobgoblin (almost dead)
You shoot an arrow. The arrow closely misses the hobgoblin.
The hobgoblin hits you.
* * * LOW HITPOINT WARNING * * *
Firing (i - inventory. (,) - cycle):
d - 11 arrows (quivered)
Press: ? - help, Shift-Dir - straight line, f/p - hobgoblin
Aim: a hobgoblin (almost dead)
You shoot an arrow. The arrow barely misses the hobgoblin.
The hobgoblin hits you.
You die...

##.............####.##.#
#.# #############.#
#.##.# #.# #.# #.##.#
#.# #.# #.##.# #.# #.#
#.##.# #.# #.# #.##.#
#.##### #.# #.##.#
#...... #.####.##.#
####### #.@g.....(#####
######........#
########.##### #......
#######


You could see a hobgoblin.

Vanquished Creatures
  A leopard gecko (D:2)
  A ball python (D:1)
  3 giant cockroaches (D:1)
  6 goblins (D:1)
  2 hobgoblins (D:1)
  2 jackals (D:1)
  6 kobolds
  4 bats (D:1)
  4 frilled lizards (D:1)
  3 rats (D:1)
32 creatures vanquished.

Notes
Turn   | Place    | Note
-------+----------+-------------------------------------------
     0 | D:1      | xgamer67 the Deep Elf Arcane Marksman began the quest for the Orb.
     0 | D:1      | Reached XP level 1. HP: 11/11 MP: 5/5
   492 | D:1      | Reached XP level 2. HP: 16/16 MP: 6/6
   499 | D:1      | Learned a level 2 spell: Slow
   531 | D:1      | Reached skill level 1 in Stealth
  1367 | D:1      | Reached XP level 3. HP: 14/20 MP: 7/7
  1656 | D:1      | Slain by a hobgoblin

Skill      XL: |  1  2  3 |
---------------+----------+-----
Bows           | 3 |  3.5
Stealth        | 1 2 |  2.0
Fighting       | |  0.7
Dodging        | |  2.4
Spellcasting   | |  1.5
Hexes          | |  4.0

Action                   || total
-------------------------++-------
Melee: Dagger            ||   121
 Fire: Shortbow          ||    20
 Stab: Sleeping          ||     1
  Eat: Chunk             ||     2
Armor: Robe              ||    19
Dodge: Dodged            ||    77
